 Dungeon Crawl Stone Soup version 0.31-a0-524-g2a164cf6a2 (webtiles) character file.

Game seed: 11145511709921781267

125536 ANON1729 the Warrior (level 16, -5/121 HPs)
             Began as a Minotaur Monk on Aug 11, 2023.
             Was the Champion of Hepliaklqana.
             Slain by a bog body (19 damage)
             ... on level 4 of the Swamp.
             The game lasted 00:21:31 (22284 turns).

ANON1729 the Warrior (Minotaur Monk)               Turns: 22284, Time: 00:21:31

Health: -5/121     AC: 19    Str: 13    XL:     16   Next: 41%
Magic:  22/22      EV: 29    Int:  7    God:    Hepliaklqana [******]
Gold:   2051       SH:  0    Dex: 31    Spells: 15/15 levels left

rFire   . . .        o - +12 short sword of the Thirteen Dreams {drain, rPois Str-4 Dex+6}
rCold   . . .        d - orb {light}
rNeg    . . .        M - +7 leather armour "Kuffulosh" {Will- Regen+ Slay+4}
rPois   +            R - +0 hat {Stlth+}
rElec   .            y - +2 cloak {rPois}
rCorr   +            b - +0 pair of gloves
SInv    .            O - +0 pair of boots
Will    +....        a - amulet "Rotzy" {Fragile Regen+ Dex+5}
Stlth   ++           F - ring of resist corrosion
HPRegen 2.00/turn    v - ring of the Death Scarab {Fly Will+}
MPRegen 0.18/turn

%: no passive effects
@: flying, slowed, glowing, very slow
A: reduced essence, horns 2, retaliatory headbutt, hooves 1, frail 1, low MP 1,
MP-powered wands
a: Renounce Religion, Recall Ancestor, Ancestor Identity, Transference, Idealise


You were on level 4 of the Swamp.
You worshipped Hepliaklqana.
Hepliaklqana was exalted by your worship.
You visited 4 branches of the dungeon, and saw 24 of its levels.
You also visited: Sewer and Volcano.

You collected 3118 gold pieces.
You spent 1067 gold pieces at shops.

Inventory:

Hand Weapons
 m - a +2 quick blade of venom
 o - the +12 short sword of the Thirteen Dreams (weapon) {drain, rPois Str-4 Dex+6}
   (You found it on level 2 of the Dungeon)

   Str-4:     It affects your strength (-4).
   Dex+6:     It affects your dexterity (+6).
   rPois:     It protects you from poison
Missiles
 H - 7 curare-tipped darts
Armour
 b - a +0 pair of gloves (worn)
 d - an orb of light (worn)
 y - a +2 cloak of poison resistance (worn)
 J - a +2 robe of fire resistance
 M - the +7 leather armour "Kuffulosh" (worn) {Will- Regen+ Slay+4}
   (You found it on level 11 of the Dungeon)

   Slay+4:    It affects your accuracy & damage with ranged weapons and melee
   (+4).
   Will-:     It decreases your willpower.
   Regen+:    It increases your rate of health regeneration.
 O - a +0 pair of boots (worn)
 R - a +0 hat of stealth (worn)
 U - a scarf of invisibility
Jewellery
 a - the amulet "Rotzy" (around neck) {Fragile Regen+ Dex+5}
   (You bought it in a shop on level 2 of the Orcish Mines)

   [amulet of regeneration]

   Dex+5:     It affects your dexterity (+5).
   Regen+:    It increases your rate of health regeneration.
   Fragile:   It will be destroyed if unequipped.
 v - the ring of the Death Scarab (right hand) {Fly Will+}
   (You bought it in a shop on level 11 of the Dungeon)

   [ring of flight]

   Will+:     It increases your willpower.
   Fly:       It grants you flight.
 F - a ring of resist corrosion (left hand)
 P - a ring of fire
Wands
 i - a wand of polymorph (6)
 u - a wand of flame (28)
 B - a wand of digging (7)
 I - a wand of paralysis (23)
 K - a wand of quicksilver (10)
 L - a wand of mindburst (13)
Scrolls
 e - 4 scrolls of vulnerability
 g - 6 scrolls of fog
 h - 2 scrolls of immolation
 p - 6 scrolls of teleportation
 q - 2 scrolls of revelation
 r - 2 scrolls of butterflies
 w - a scroll of torment
 x - 5 scrolls of poison
 A - 6 scrolls of blinking
 C - 4 scrolls of silence
 G - 3 scrolls of brand weapon
 N - 3 scrolls of fear
 V - 2 scrolls of identify
Potions
 c - 2 potions of ambrosia
 f - 2 potions of brilliance
 j - 5 potions of curing
 k - 6 potions of invisibility
 l - 9 potions of mutation
 n - 2 potions of enlightenment
 s - 2 potions of cancellation
 t - 2 potions of magic
 z - 5 potions of lignification
 D - 4 potions of might
 E - 6 potions of haste
 Q - a potion of heal wounds
 S - a potion of resistance
 T - a potion of attraction


   Skills:
 + Level 16.7 Fighting
 + Level 15.3 Short Blades
 + Level 15.3 Armour
 + Level 15.4 Dodging
 + Level 13.0 Invocations
 + Level 4.1 Evocations


You had 15 spell levels left.
You didn't know any spells.
Your spell library contained the following spells:

 Spells                   Type           Power      Damage    Failure   Level
 Apportation              Tloc           0%         N/A       47%         1
 Kiss of Death            Conj/Necr      0%         2d5       47%         1
 Necrotise                Necr           0%         1d4       47%         1
 Sandblast                Erth           0%         2d4       47%         1
 Summon Small Mammal      Summ           0%         N/A       47%         1
 Blink                    Tloc           0%         N/A       63%         2
 Cigotuvi's Dreadful Rot  Necr/Pois/Air  0%         N/A       63%         2
 Lesser Beckoning         Tloc           0%         N/A       63%         2
 Passwall                 Tmut/Erth      0%         N/A       63%         2
 Sublimation of Blood     Necr           0%         N/A       63%         2
 Wereblood                Tmut           0%         N/A       63%         2
 Confusing Touch          Hex            0%         N/A       85%         3
 Dazzling Flash           Conj/Hex       0%         N/A       85%         3
 Gell's Gravitas          Tloc           0%         N/A       85%         3
 Ozocubu's Armour         Ice            0%         N/A       85%         3
 Stone Arrow              Conj/Erth      0%         3d7       85%         3
 Summon Guardian Golem    Hex/Summ       0%         N/A       85%         3
 Teleport Other           Tloc           0%         N/A       85%         3
 Vhi's Electric Charge    Tloc/Air       0%         N/A       85%         3
 Volatile Blastmotes      Fire/Tloc      0%         2d10      85%         3
 Dispel Undead            Necr           0%         3d6       99%         4
 Fulminant Prism          Conj/Hex       0%         3d5       99%         4
 Iskenderun's Mystic Bla  Conj/Tloc      0%         2d3       99%         4
 Manifold Assault         Tloc           0%         N/A       99%         4
 Agony                    Necr           0%         N/A       100%        5
 Alistair's Intoxication  Tmut/Pois      0%         N/A       100%        5
 Arcjolt                  Conj/Air       0%         1d10      100%        5
 Metabolic Englaciation   Hex/Ice        0%         N/A       100%        5
 Silence                  Hex/Air        0%         N/A       100%        5
 Death Channel            Necr           0%         N/A       100%        6
 Dispersal                Tloc           0%         N/A       100%        6
 Plasma Beam              Fire/Air       0%         2x1d10    100%        6
 Simulacrum               Ice/Necr       0%         N/A       100%        6
 Orb of Destruction       Conj           0%         9d5       100%        7
 Ozocubu's Refrigeration  Ice            0%         4d7       100%        7
 Spellforged Servitor     Conj/Summ      0%         N/A       100%        7
 Summon Hydra             Summ           0%         N/A       100%        7
 Polar Vortex             Ice            0%         N/A       100%        9


Dungeon Overview and Level Annotations

Branches:
Dungeon (13/15)            Temple (0/1) D:7            Lair (5/5) D:11
  Swamp (4/4) Lair:2       Spider (0/4) Lair:3        Slime (0/5) Lair:4
    Orc (2/2) D:12            Elf (0/3) Orc:2         Sewer (visited)
Volcano (visited)
 Vaults: D:13-14

Altars:
Ashenzari
Elyvilon
Fedhas
Gozag
Hepliaklqana
Makhleb
Nemelex Xobeh
Qazlal
Trog
Vehumet
Wu Jian
Yredelemnul
The Shining One
Jiyva

Shops:
D:5 :   D:11 =   D:13 *   Orc:1 =   Orc:2 =[(*

Portals:
Hell: Lair:5
Trove: D:12 (show abyssal rune of Zot)

Annotations:
D:3 2 transporters
Lair:3 1 runed translucent door, Gargoyl's ghost, journeyman GrBe
Lair:4 2 transporters, Byes's ghost, journeyman TrHs


Innate Abilities, Weirdness & Mutations

Your life essence is reduced to manifest your ancestor. (-10% HP)
You have a pair of horns on your head.
You reflexively headbutt those who attack you in melee.
You have large cloven feet.
You are frail. (-10% HP)
Your magical capacity is low. (-10% MP)
You expend magic power (3 MP) to strengthen your wands.


Message History

Unknown command.
The fenstrider witch attacks as you move away!
The fenstrider witch barely misses you.
The fenstrider witch kicks you but does no damage.
A moth of wrath comes into view.
You feel sick.
The moth of wrath's fur bristles in rage as it notices you.
The fenstrider witch casts a spell at you.
You shrug off the repeated paralysis!
The spriggan druid points at you and mumbles some strange words.
The stone arrow misses you.
A flayed ghost comes into view.
Numeria hits the bog body with a +0 dagger of draining.
The spriggan druid calls out to the beasts of the wild!
Numeria gestures at the bog body while chanting.
The bog body resists with some effort.
The vampire knight misses you. You furiously retaliate!
You headbutt the vampire knight!
The vampire knight bites you but does no damage.
There is a stone staircase leading up here.
You feel sick.
You are no longer poisoned.
The fenstrider witch hits you but does no damage.
The fenstrider witch misses you.
The vampire knight hits you with a +0 great sword.
The vampire knight completely misses you.
The bog body gestures at you while chanting.
The bolt of cold hits you!! The spriggan druid misses you.
You furiously retaliate!
You headbutt the spriggan druid.
Numeria hits the bog body with a +0 dagger of draining!
The vampire knight hits you with a +0 great sword!
* * * LOW HITPOINT WARNING * * *
The vampire knight bites you.
* * * LOW HITPOINT WARNING * * *
The vampire knight draws strength from your injuries!
The fenstrider witch closely misses you. x2
Numeria hits the bog body with a +0 dagger of draining!
The bog body touches you!
* * * LOW HITPOINT WARNING * * *
The bog body freezes you!!
You die...

## ♣♣♣♣ ##.♣
♣♣♣.~.♣.
♣~..♣♣♣..~~.~
..~...§~~.♣♣
..~~.~~~k~♣ ~
♣...~~§.♣
..♣♣♣♣.~°§♣
.Z~.k♣°VH○♣
.~.Wi.Dn@♣♣♣♣
~...♣♣.i°°○.♣
~~. ♣.~°♣°Rn♣
§~...♣..○○°y°☼♣
~..§.~♣..~~D.♣≈≈
§.^~.♣.~..~~(≈≈≈
♣♣.~~ ♣~~~..♣≈≈≈
♣♣♣ ♣~....♣≈≈≈
.~..... ≈≈


You could see the friendly Numeria the hexer, a seven-headed hydra, a vampire
knight (fast, invisible), a swamp dragon (catching breath), a fenstrider witch,
a flayed ghost, a moth of wrath, 2 spriggan druids, 2 bog bodies, 2 swamp drakes
and a five-headed hydra simulacrum (wandering).

Vanquished Creatures
  A thorn hunter (Swamp:2)
  Gastronok (Lair:1)
  A storm dragon (D:12)
  A fenstrider witch (Swamp:2)
  2 orc warlords
  4 eleionomae
  5 bunyips
  Snorg (Orc:1)
  A shambling mangrove (Swamp:2)
  19 hydras
  2 ghost crabs
  A hell beast (Lair:5)
  4 centaur warriors (D:13)
  Erica (Lair:1)
  A tengu warrior (D:13)
  3 alligators
  A boulder beetle (Lair:5)
  7 two-headed ogres
  Urug (Orc:1)
  8 death yaks (Lair:5)
  2 orc high priests
  A spriggan berserker (Swamp:3)
  A hell hog (Volcano)
  Sonja (Orc:1)
  A skyshark (Lair:4)
  2 fire crabs (Lair:1)
  4 goliath frogs
  3 skeletal warriors (D:13)
  A spriggan druid (Swamp:1)
  A lindwurm (Lair:4)
  5 bog bodies
  Jeremiah (D:8)
  A wizard (Lair:5)
  Pikel (D:7)
  3 swamp dragons
  7 orc knights
  A necromancer (Lair:5)
  6 cyclopes
  3 orc sorcerers (Orc:1)
  2 ugly things
  2 deep elf pyromancers
  4 oklob plants (Lair:3)
  3 will-o-the-wisps (Swamp:1)
  3 manticores
  11 elephants
  5 salamanders (Volcano)
  2 black mambas (Lair:5)
  2 torpor snails
  Maurice (Orc:1)
  3 orange demons (Lair:5)
  Joseph (D:7)
  A smoke demon (Lair:5)
  11 cane toads
  An unseen horror (D:11)
  7 komodo dragons
  An ice devil (Lair:5)
  3 rime drakes
  A tengu conjurer (D:13)
  A red devil (Lair:5)
  5 hornets
  7 trolls
  4 polar bears
  16 blink frogs
  4 tyrant leeches
  Grinder (D:4)
  2 dream sheep
  9 slime creatures
  5 spriggans
  28 yaks
  2 shadows
  2 wraiths
  A wyvern (D:9)
  2 vampires
  Eustachio (D:4)
  6 fire bats
  11 basilisks
  A fire elemental (Lair:1)
  2 steam dragons (D:9)
  3 vampire mosquitoes (D:11)
  Menkaure (D:5)
  16 swamp worms
  An acid dragon (D:9)
  6 hell hounds
  12 water moccasins
  4 swamp drakes
  41 orc warriors
  8 ogres
  7 wolves (Lair:4)
  9 centaurs
  2 lemures (D:7)
  2 phantoms (D:6)
  2 kobold brigands
  5 bullfrogs
  2 scorpions
  12 wights
  11 killer bees (D:9)
  7 howler monkeys
  3 electric eels
  A hound (D:5)
  8 jellies
  10 orc priests
  Crazy Yiuf (D:4)
  8 hell rats
  2 iguanas
  14 orc wizards
  3 polar bear simulacra (Lair:5)
  3 yak simulacra (Lair:5)
  A wolf simulacrum (Lair:5)
  3 gnolls (D:6)
  5 adders
  2 white imps (D:6)
  4 worms
  A dart slug (D:4)
  36 orcs
  4 endoplasms
  4 giant cockroaches
  6 goblins
  6 hobgoblins
  15 jackals
  14 kobolds
  6 ball pythons
  8 bats
  A frilled lizard (D:2)
  5 rats
  A river rat simulacrum (Lair:5)
610 creatures vanquished.

Vanquished Creatures (collateral kills)
  Aizul (Swamp:3)
  A dire elephant (Lair:5)
  A bunyip (Swamp:3)
  Erolcha (D:9)
  2 alligators (Swamp:3)
  A skyshark (Lair:4)
  A spriggan druid (Swamp:1)
  An ugly thing (D:11)
  An orc knight (Orc:1)
  2 cyclopes
  A torpor snail (Lair:5)
  A tyrant leech (Swamp:2)
  2 polar bears (Lair:4)
  A hornet (Swamp:1)
  2 blink frogs (Lair:5)
  A spriggan (Swamp:1)
  6 yaks
  A basilisk (Lair:1)
  2 swamp worms (Swamp:3)
  2 water moccasins
  A black bear (D:5)
  2 orc warriors
  2 wolves (Lair:4)
  An orc priest (D:8)
  2 yak simulacra (Lair:5)
  A worm (D:6)
  An orc (Orc:1)
  A kobold (D:8)
  A river rat simulacrum (Lair:5)
  A butterfly (Swamp:1)
44 creatures vanquished.

Vanquished Creatures (others)
  7 bloated husks
  13 hexers
  A quokka (D:12)
  8 foxfires (Swamp:1)
29 creatures vanquished.

Grand Total: 683 creatures vanquished

Notes
Turn   | Place    | Note
-------+----------+-------------------------------------------
     0 | D:1      | ANON1729 the Minotaur Monk began the quest for the Orb.
     0 | D:1      | Reached XP level 1. HP: 19/19 MP: 0/0
   111 | D:1      | Found a faded altar of an unknown god.
   200 | D:1      | Reached XP level 2. HP: 27/27 MP: 1/1
   283 | D:1      | Reached skill level 4 in Fighting
   944 | D:2      | You fall into a shaft and drop 1 floor!
   981 | D:3      | Reached XP level 3. HP: 33/33 MP: 2/2
   997 | D:2      | Identified the +12 short sword of the Thirteen Dreams
                  | {drain, rPois Str-4 Dex+6}
  1662 | D:2      | Reached XP level 4. HP: 41/41 MP: 3/3
  2221 | D:3      | Found a transporter.
  2226 | D:3      | Noticed a kobold demonologist
  2319 | D:3      | Found a transporter.
  2642 | D:4      | Noticed Grinder
  2651 | D:4      | Killed Grinder
  2652 | D:4      | Reached skill level 5 in Fighting
  2652 | D:4      | Reached skill level 5 in Short Blades
  2652 | D:4      | Reached skill level 5 in Dodging
  2652 | D:4      | Reached XP level 5. HP: 38/48 MP: 4/4
  2885 | D:4      | Found a basalt altar of Yredelemnul.
  2930 | D:4      | Found a radiant altar of Vehumet.
  2954 | D:4      | Found a stormy altar of Qazlal.
  2957 | D:4      | Noticed an ogre
  2962 | D:4      | Killed an ogre
  2963 | D:4      | Reached XP level 6. HP: 57/57 MP: 5/5
  2967 | D:4      | Reached skill level 6 in Fighting
  3115 | D:4      | Found a broken altar of Ashenzari.
  3116 | D:4      | Found a hazy altar of Hepliaklqana.
  3187 | D:4      | Found a glowing golden altar of the Shining One.
  3219 | D:4      | Noticed Eustachio
  3231 | D:4      | Killed Eustachio
  3232 | D:4      | Reached XP level 7. HP: 59/64 MP: 6/6
  3253 | D:4      | Found a runed translucent door.
  3254 | D:4      | Noticed Crazy Yiuf
  3349 | D:4      | Found a white marble altar of Elyvilon.
  3460 | D:4      | Killed Crazy Yiuf
  3536 | D:4      | Became a worshipper of Hepliaklqana the Forgotten
  3536 | D:4      | Reached * piety under Hepliaklqana
  3536 | D:4      | Reached ** piety under Hepliaklqana
  3537 | D:4      | Remembered your ancestor Numeria as a hexer
  3577 | D:5      | Entered Level 5 of the Dungeon
  3812 | D:5      | Found Harchoipu's Book Shoppe.
  4148 | D:5      | Reached skill level 7 in Fighting
  4148 | D:5      | Reached skill level 1 in Armour
  4148 | D:5      | Reached skill level 1 in Invocations
  4215 | D:5      | Noticed Menkaure
  4217 | D:5      | Killed Menkaure
  4218 | D:5      | Reached XP level 8. HP: 65/65 MP: 6/8
  4398 | D:6      | Found a blossoming altar of Fedhas.
  4417 | D:6      | Reached *** piety under Hepliaklqana
  4438 | D:6      | Found an opulent altar of Gozag.
  4442 | D:6      | Found an opulent altar of Gozag.
  4442 | D:6      | Found an opulent altar of Gozag.
  4447 | D:6      | Found an opulent altar of Gozag.
  4856 | D:6      | Found a glowing drain.
  4874 | Sewer    | Entered a sewer
  5033 | D:6      | Identified a scroll of acquirement
  5043 | D:6      | Acquired a +2 quick blade of venom
  5085 | D:7      | Reached skill level 8 in Fighting
  5220 | D:7      | Noticed a troll
  5220 | D:7      | Noticed Joseph
  5221 | D:7      | Found a staircase to the Ecumenical Temple.
  5227 | D:7      | Killed a troll
  5228 | D:7      | Reached XP level 9. HP: 37/72 MP: 10/10
  5233 | D:7      | Killed Joseph
  5395 | D:7      | Found an ornate altar of the Wu Jian Council.
  5514 | D:7      | Noticed Pikel
  5531 | D:7      | Killed Pikel
  5532 | D:7      | Reached skill level 5 in Armour
  5734 | D:7      | Reached skill level 9 in Fighting
  6060 | D:8      | Noticed Jeremiah
  6256 | D:8      | Killed Jeremiah
  6257 | D:8      | Reached skill level 5 in Invocations
  6257 | D:8      | Reached XP level 10. HP: 59/81 MP: 10/12
  7318 | D:9      | Noticed a two-headed ogre
  7326 | D:9      | Killed a two-headed ogre
  7434 | D:9      | Noticed Erolcha
  7437 | D:9      | Reached skill level 10 in Fighting
  7442 | D:9      | Killed Erolcha
  7596 | D:9      | Reached **** piety under Hepliaklqana
  7982 | D:9      | Found Noomp's Armour Shop.
  8021 | D:9      | Reached XP level 11. HP: 87/90 MP: 14/14
  8243 | D:10     | Entered Level 10 of the Dungeon
  8291 | D:10     | Found a sparkling altar of Nemelex Xobeh.
  8949 | D:11     | Noticed a red ugly thing
  8959 | D:11     | Killed a red ugly thing
  8960 | D:11     | Reached skill level 10 in Short Blades
  8960 | D:11     | Reached skill level 10 in Dodging
  9002 | D:11     | Reached skill level 11 in Fighting
  9006 | D:11     | Noticed a two-headed ogre
  9012 | D:11     | Killed a two-headed ogre
  9375 | D:11     | Found a sparkling altar of Nemelex Xobeh.
  9417 | D:11     | Found Ujyx's Jewellery Shoppe.
  9425 | D:11     | Bought the ring of the Death Scarab {Fly Will+} for 481
                  | gold pieces
  9864 | D:11     | Reached ***** piety under Hepliaklqana
  9865 | D:11     | Found a staircase to the Lair.
  9910 | D:11     | Identified the +7 leather armour "Kuffulosh" {Will- Regen+
                  | Slay+4}
  9943 | D:11     | Noticed a brown ugly thing
  9954 | D:11     | Killed a brown ugly thing
 10094 | Lair:1   | Entered Level 1 of the Lair of Beasts
 10210 | Lair:1   | Noticed Erica
 10215 | Lair:1   | Killed Erica
 10393 | Lair:1   | Noticed Gastronok
 10408 | Lair:1   | Killed Gastronok
 10409 | Lair:1   | Reached XP level 12. HP: 77/100 MP: 15/17
 10426 | Lair:1   | Reached skill level 12 in Fighting
 10602 | Lair:1   | Reached skill level 10 in Armour
 10842 | Lair:1   | Found a transporter.
 10950 | Lair:1   | Found a transporter.
 11489 | Lair:2   | Found a staircase to the Swamp.
 12233 | Lair:3   | Noticed an eight-headed hydra
 12239 | Lair:3   | Killed an eight-headed hydra
 12352 | Lair:3   | Found a runed translucent door.
 12353 | Lair:3   | Noticed Gargoyl's ghost (journeyman GrBe)
 12355 | Lair:3   | Found a hole to the Spider Nest.
 12358 | Lair:3   | Noticed a six-headed hydra
 12785 | Lair:3   | Reached XP level 13. HP: 107/107 MP: 17/19
 13018 | Lair:3   | Reached skill level 13 in Fighting
 13344 | Lair:4   | Found a transporter.
 13348 | Lair:4   | Noticed Byes's ghost (journeyman TrHs)
 13349 | Lair:4   | Found a transporter.
 13527 | Lair:4   | Found a dark tunnel.
 13580 | Volcano  | Entered a volcano
 13685 | Volcano  | Reached skill level 10 in Invocations
 13712 | Volcano  | Gained mutation: Potions are less effective at restoring
                  | your health. [potion of mutation]
 13713 | Volcano  | Lost mutation: Potions are less effective at restoring your
                  | health. [potion of mutation]
 13713 | Volcano  | Gained mutation: You are frail. (-10% HP) [potion of
                  | mutation]
 13713 | Volcano  | Gained mutation: You expend magic power (3 MP) to
                  | strengthen your wands. [potion of mutation]
 13713 | Volcano  | Gained mutation: Your magical capacity is low. (-10% MP)
                  | [potion of mutation]
 13713 | Volcano  | Gained mutation: You have large cloven feet. [potion of
                  | mutation]
 14294 | Lair:4   | Found a viscous altar of Jiyva.
 14312 | Lair:4   | Found a staircase to the Slime Pits.
 14496 | Lair:5   | Entered Level 5 of the Lair of Beasts
 14518 | Lair:5   | Reached skill level 14 in Fighting
 14815 | Lair:5   | Reached XP level 14. HP: 105/105 MP: 18/18
 14909 | Lair:5   | Reached ****** piety under Hepliaklqana
 15356 | Lair:5   | Found a burning altar of Makhleb.
 15784 | Lair:5   | Found a gateway to Hell.
 16199 | D:12     | Identified the +6 ring mail of the Sunfish {Str+3}
 16275 | D:12     | Noticed a storm dragon
 16293 | D:12     | Killed a storm dragon
 16294 | D:12     | Reached skill level 15 in Fighting
 16661 | D:12     | Found a staircase to the Orcish Mines.
 16736 | D:12     | Found a white marble altar of Elyvilon.
 16901 | D:12     | Found a portal to a secret trove of treasure.
 17446 | D:13     | Reached XP level 15. HP: 86/112 MP: 20/20
 17524 | D:13     | Found Lyef's Neck Hole.
 18041 | Orc:1    | Entered Level 1 of the Orcish Mines
 18042 | Orc:1    | Found a bloodstained altar of Trog.
 18043 | Orc:1    | Noticed Sonja
 18046 | Orc:1    | Noticed Urug
 18059 | Orc:1    | Killed Urug
 18061 | Orc:1    | Killed Sonja
 18097 | Orc:1    | Noticed Maurice
 18100 | Orc:1    | Killed Maurice
 18175 | Orc:1    | Found Tyheot's Jewellery Shop.
 18245 | Orc:1    | Noticed Snorg
 18260 | Orc:1    | Killed Snorg
 18311 | Orc:1    | You are sucked into a shaft and drop 1 floor!
 18311 | Orc:2    | Entered Level 2 of the Orcish Mines
 18330 | Orc:2    | Found Peadesh's General Store.
 18347 | Orc:2    | Found Nousiynk's Antique Weapon Shop.
 18918 | Orc:2    | Found Fubruep's Antique Armour Emporium.
 19063 | Orc:2    | Reached skill level 1 in Evocations
 19224 | Orc:2    | Found a staircase to the Elven Halls.
 19263 | Orc:2    | Found Geta's Jewellery Emporium.
 19301 | Orc:2    | Bought the amulet "Rotzy" {Fragile Regen+ Dex+5} for 586
                  | gold pieces
 20024 | Swamp:1  | Entered Level 1 of the Swamp
 20034 | Swamp:1  | Reached skill level 16 in Fighting
 20046 | Swamp:1  | HP: 2/112 [spectral anaconda[a ghost crab] (5)]
 20683 | Swamp:2  | You are sucked into a shaft and drop 1 floor!
 20794 | Swamp:2  | Reached skill level 15 in Dodging
 20878 | Swamp:2  | Reached skill level 15 in Short Blades
 21017 | Swamp:2  | Reached XP level 16. HP: 102/121 MP: 21/21
 21046 | Swamp:2  | Noticed Aizul
 21058 | Swamp:2  | Reached skill level 15 in Armour
 21422 | Swamp:3  | Noticed a thorn hunter
 21435 | Swamp:2  | Killed a thorn hunter
 21644 | Swamp:3  | Killed Aizul
 21974 | Swamp:4  | Entered Level 4 of the Swamp
 22280 | Swamp:4  | Paralysed by a vampire knight for 3 turns
 22284 | Swamp:4  | Slain by a bog body

Illustrated notes

Levels and vault maps discovered:
D:1:      minmay_arrival_shattered_statue, layout_basic,
          ebering_ecumenical_altar_webs
D:2:      layout_basic, serial_rivers, chequers_serial_rivers_micro_e,
          chequers_serial_rivers_small_b, chequers_serial_rivers_micro_d,
          chequers_serial_rivers_marsh, chequers_serial_rivers_micro_a,
          roderic_lattice_a, minmay_vboxes
D:3:      gammafunk_wand_slinger, layout_loops_ring, nicolae_figureground_pulse
D:4:      layout_rooms, kennysheep_ying_yang, fiery_altar_vehumet,
          kennysheep_mini_moat, grunt_qazlal_clouds,
          gammafunk_temple_overflow_statue, serial_curves, eino_curves_04,
          eino_curves_02, uniq_crazy_yiuf_cottage, uniq_grinder, uniq_eustachio
D:5:      layout_basic, nicolae_stop_n_shop_2, uniq_menkaure
D:6:      layout_rooms, nicolae_gozag_conspicuous_consumption, fedhas_altar_1,
          cheibrodos_sewer_entry_bend
D:7:      layout_rooms, amcnicky_altar_gilded, minmay_temple_entry_overgrown,
          uniq_pikel, uniq_joseph
D:8:      layout_basic, serial_glass, glass_columns_a, glass_columns_a,
          uniq_jeremiah
D:9:      layout_irregular_city, serial_shops, kennysheep_little_box,
          uniq_erolcha
D:10:     layout_rooms, mainiacjoe_overflow_cross_hatched, nicolae_the_louvre
D:11:     layout_basic, serial_shops, shop, nemelex_altar_shiori
D:12:     nzn_winding_woodlands_stair_cross
          [nzn_winding_woodlands_5x15_concentric,
          nzn_winding_woodlands_center_diamonds,
          nzn_winding_woodlands_5x15_pockets, nzn_winding_woodlands_5x5_default,
          nzn_winding_woodlands_hourglass,
          nzn_winding_woodlands_5x15_lazy_stream,
          nzn_winding_woodlands_center_triple_pond,
          nzn_winding_woodlands_5x15_zeroes], layout_small_grid,
          nicolae_trove_entry_columns, elyvilon_altar_4
D:13:     layout_loops_ring, nicolae_shop_sticking_my_neck_out
Lair:1:   gammafunk_cloud_chamber, layout_layer_cave, grunt_megastairs_2,
          serial_bayou_shore_b, uniq_erica, uniq_gastronok
Lair:2:   layout_cave_pods, swamp_mist_pool
Lair:3:   minmay_lair_oklob_tunnel, layout_big_grid, dummy_spider_entry,
          ebering_ghost_inner_flame
Lair:4:   layout_roguey, nicolae_slime_entry_field_trip,
          nicolae_volcano_entry_vermiform, gammafunk_ghost_arena,
          fungi_pond_lemuel, cheibrodos_lair_lostbears, grunt_megastairs_4
Lair:5:   evil_forest, layout_gridlike, eino_house_with_fridge
Swamp:1:  layout_falls_marsh, evilmike_swamp_ruin_house_4, swamp_pool1,
          nicolae_swamp_frolicking_bunyips
Swamp:2:  layout_falls_marsh, hangedman_swamp_ruin_hall, uniq_aizul
Swamp:3:  layout_basic_swamp, evilmike_swamp_ruin_rubble_2
Swamp:4:  byrel_swamp_growth_death_and_undeath, layout_basic_swamp, swamp_pool2,
          worms_lemuel
Orc:1:    orc_temple, layout_diamond_mine, basic_altar,
          minmay_shop_enchanted_jewellery, uniq_maurice, uniq_urug, uniq_snorg,
          uniq_sonja
Orc:2:    grunt_orc_gardens, layout_caves, grunt_orc_garden, grunt_orc_garden,
          grunt_orc_garden, grunt_orc_garden

Skill      XL: |  1  2  3  4  5  6  7  8  9 10 11 12 13 14 15 16 |
---------------+-------------------------------------------------+-----
Fighting       | 4 5 6 7 8 9 10 11 12 14 15 16 | 16.7
Dodging        | 4 5 6 7 8 9 10 11 13 14 15 | 15.4
Short Blades   | 4 5 6 7 8 9 10 11 13 14 15 | 15.3
Armour         | 1 4 6 7 9 11 12 13 14 15 | 15.3
Invocations    | 1 3 5 6 8 9 10 11 12 13 | 13.0
Evocations     | 3 4 |  4.1

Action                     |  1- 3 |  4- 6 |  7- 9 | 10-12 | 13-15 | 16-18 || total
---------------------------+-------+-------+-------+-------+-------+-------++-------
  Melee: Short sword       |    66 |    36 |   144 |   417 |  1136 |   138 ||  1937
         Headbutt          |    15 |     2 |    46 |   130 |   382 |    45 ||   620
 Invoke: Ancestor Life: He |       |       |     1 |       |       |       ||     1
         Recall Ancestor   |       |       |     1 |       |     3 |     2 ||     6
         Idealise          |       |       |       |       |     1 |       ||     1
  Evoke: Wand              |       |       |       |       |     4 |     5 ||     9
    Use: Scroll            |       |       |    16 |     5 |     8 |     3 ||    32
         Potion            |       |       |       |       |    12 |     1 ||    13
   Stab: Distracted        |       |       |     3 |    11 |    12 |     5 ||    31
         Confused          |       |       |     4 |     9 |    22 |     2 ||    37
         Paralysed         |       |       |       |       |    17 |     3 ||    20
 Armour: Robe              |    10 |     1 |    12 |    26 |       |       ||    49
         Leather armour    |       |       |       |    30 |   237 |    40 ||   307
         Skin              |       |       |       |       |     3 |       ||     3
  Dodge: Dodged            |    37 |    15 |    81 |   203 |   753 |   211 ||  1300

Table legend: (Time is in decaauts)
 A = Elapsed time spent in this place.
 B = Non-inter-level travel time spent in this place.
 C = Inter-level travel time spent in this place.
 D = Time resting spent in this place.
 E = Time spent auto-exploring this place.
 F = Levels seen in this place.
 G = Mean time per level.
                   A        B        C        D        E       F      G
               +--------+--------+--------+--------+--------+-----+--------+
         Total |  21416 |  20068 |   1348 |    978 |  15879 |  26 |  823.7 |
       Dungeon |  11774 |  10914 |    860 |    397 |   9205 |  13 |  905.7 |
          Lair |   5273 |   4923 |    350 |     78 |   3964 |   5 | 1054.6 |
         Swamp |   2126 |   2107 |     19 |    398 |   1232 |   4 |  531.5 |
  Orcish Mines |   1732 |   1614 |    118 |     37 |   1212 |   2 |  866.0 |
         Sewer |    166 |    166 |      0 |      0 |    134 |   1 |  166.0 |
       Volcano |    343 |    343 |      0 |     67 |    131 |   1 |  343.0 |
               +--------+--------+--------+--------+--------+-----+--------+

Top non-repeatable levels by time:
  Lair:5: 1292 daAuts
    D:11: 1202 daAuts
  Lair:1: 1179 daAuts
    D:12: 1144 daAuts
     D:8: 1133 daAuts
     D:2: 1076 daAuts
     D:7: 1048 daAuts
  Lair:4: 960 daAuts
   Orc:2: 954 daAuts
     D:4: 931 daAuts
  Lair:3: 928 daAuts
  Lair:2: 913 daAuts
     D:9: 901 daAuts
    D:13: 821 daAuts
     D:1: 819 daAuts
